 Dungeon Crawl Stone Soup version 0.23.2-40-g277498a001 (webtiles) character file.

Game seed: 15036461198494444229

161 H0rd4k the Charlatan (level 5, 0/38 HPs)
             Began as a Human Artificer on Oct 10, 2019.
             Killed by divine providence
             ... invoked by an orc priest
              (13 damage)
             ... on level 3 of the Dungeon.
             The game lasted 00:01:58 (2263 turns).

H0rd4k the Charlatan (Human Artificer)              Turns: 2263, Time: 00:01:58

Health: 0/38       AC:  3    Str: 11 (13) XL:     5   Next: 70%
Magic:  8/8        EV: 12    Int: 11      God:
Gold:   127        SH:  0    Dex: 12 (14) Spells: 4/4 levels left

rFire    . . .     SeeInvis .   g - +1 dagger (venom)
rCold    . . .     Gourm    .   (no shield)
rNeg     . . .     Faith    .   b - +0 leather armour
rPois    .         Spirit   .   (no helmet)
rElec    .         Reflect  .   (no cloak)
rCorr    .         Harm     .   (no gloves)
MR       .....                  (no boots)
Stlth    ++........             (no amulet)
HPRegen  0.12/turn              (no ring)
MPRegen  0.11/turn              (no ring)

@: no status effects
A: no striking features
a: no special abilities


You were on level 3 of the Dungeon.
You were not hungry.

You visited 1 branch of the dungeon, and saw 3 of its levels.

You collected 127 gold pieces.

Inventory:

Hand Weapons
 a - a +0 short sword
 g - a +1 dagger of venom (weapon)
Armour
 b - a +0 leather armour (worn)
Jewellery
 l - an uncursed ring of protection from fire {unknown}
Wands
 c - a wand of flame (12)
 d - a wand of enslavement (15)
 e - a wand of random effects (15)
Scrolls
 h - a scroll of immolation {unknown}
 i - 2 scrolls of teleportation {unknown}
 k - a scroll of remove curse {unknown}
 m - a scroll of fog {unknown}
 o - 3 scrolls of identify {unknown}
 p - a scroll of enchant weapon {unknown}
 q - a scroll of blinking {unknown}
Potions
 n - a potion of flight
 s - a potion of curing {unknown}
Comestibles
 f - 5 rations


   Skills:
 + Level 1.8 Fighting
 + Level 2.6 Short Blades
 + Level 1.1 Armour
 + Level 2.5 Dodging
 + Level 1.9 Stealth
 + Level 4.1 Evocations


You had 4 spell levels left.
You didn't know any spells.
Your spell library was empty.

Dungeon Overview and Level Annotations

Branches:
Dungeon (3/15)

Altars:
Nemelex Xobeh


Message History

A hobgoblin is nearby!
You are too injured to fight recklessly!
You are too injured to fight recklessly!
An orc priest comes into view. It is wielding a +0 whip.
The orc priest moves out of view.
An orc comes into view. It is wielding a +0 mace.
You see here a war axe.
An orc priest comes into view.
The hobgoblin hits you.
The orc shouts!
The orc priest shouts! x2
You hit the hobgoblin.
The hobgoblin is poisoned.
The hobgoblin is lightly wounded.
The hobgoblin barely misses you.
You hit the hobgoblin.
The hobgoblin looks as sick as possible!
The hobgoblin is heavily wounded.
You kill the hobgoblin!
The orc priest mumbles some strange prayers to Beogh against you.
Beogh smites you!
You die...

#########
#.#.).###############
#.#..<# # #.#.#.#
#.#.#.#.# #.#.#.#.#
#.......# ###.#.....#
#.###########
#..)@.†o.oo..
#.########### ###


You could see 2 orc priests and an orc.

Vanquished Creatures
  An orc priest (D:3)
  6 adders
  An ooze (D:1)
  3 worms
  A dart slug (D:3)
  2 leopard geckos
  7 orcs
  A ball python (D:3)
  3 giant cockroaches
  4 goblins
  6 hobgoblins
  6 kobolds
  6 bats
  3 frilled lizards
  8 rats
58 creatures vanquished.

Notes
Turn   | Place    | Note
-------+----------+-------------------------------------------
     0 | D:1      | H0rd4k the Human Artificer began the quest for the Orb.
     0 | D:1      | Reached XP level 1. HP: 15/15 MP: 3/3
    26 | D:1      | Reached XP level 2. HP: 19/21 MP: 4/4
   132 | D:1      | Found a sparkling altar of Nemelex Xobeh.
   548 | D:1      | Reached XP level 3. HP: 14/26 MP: 5/5
  1002 | D:2      | Reached skill level 4 in Evocations
  1096 | D:2      | Reached XP level 4. HP: 32/32 MP: 7/7
  1698 | D:3      | Reached XP level 5. HP: 20/37 MP: 8/8
  1832 | D:3      | Reached skill level 1 in Armour
  2263 | D:3      | Killed from afar by an orc priest

Skill      XL: |  1  2  3  4  5 |
---------------+----------------+-----
Evocations     | 4 |  4.1
Short Blades   | 2 |  2.6
Armour         | 1 |  1.1
Fighting       | |  1.8
Dodging        | |  2.5
Stealth        | |  1.9

Action                   |  1- 3 |  4- 6 || total
-------------------------+-------+-------++-------
Melee: Dagger            |    78 |   115 ||   193
Evoke: Wand              |     1 |     2 ||     3
  Use: Potion            |       |     4 ||     4
 Stab: Sleeping          |     1 |     3 ||     4
  Eat: Chunk             |       |     4 ||     4
Armor: Leather armour    |    21 |    23 ||    44
Dodge: Dodged            |    40 |    53 ||    93
